 Dungeon Crawl Stone Soup version 0.30.1-8-g117510f58f (webtiles) character file.

Game seed: 3742905724912354084

7 eliilek the Shield-Bearer (level 1, 0/20 HPs)
             Began as a Minotaur Fighter on Sept 23, 2023.
             Slain by a kobold
             ... wielding a +0 club
              (4 damage)
             ... on level 1 of the Dungeon.
             The game lasted 00:00:41 (120 turns).

eliilek the Shield-Bearer (Minotaur Fighter)         Turns: 120, Time: 00:00:42

Health: 0/20       AC: 11    Str: 20    XL:     1   Next: 83%
Magic:  0/0        EV:  5    Int:  5    God:
Gold:   45         SH:  4    Dex:  9    Spells: 0/0 levels left

rFire   . . .        a - +0 flail
rCold   . . .        c - +0 buckler
rNeg    . . .        g - +0 plate armour
rPois   .            (helmet restricted)
rElec   .            (no cloak)
rCorr   .            (no gloves)
SInv    .            (no boots)
Will    .....        (no amulet) Stlth
                     (no ring)
HPRegen 0.23/turn    (no ring)
MPRegen 0.07/turn

%: no passive effects
@: no status effects
A: horns 2, retaliatory headbutt
a: no special abilities


You were on level 1 of the Dungeon.
You visited 1 branch of the dungeon, and saw 1 of its levels.

You collected 45 gold pieces.

Inventory:

Hand Weapons
 a - a +0 flail (weapon)
Armour
 c - a +0 buckler (worn)
 g - a +0 plate armour (worn)
Jewellery
 b - an amulet of the acrobat
Potions
 d - a potion of might
 e - a potion of haste {unknown}
 f - a potion of attraction {unknown}


   Skills:
 + Level 3.7 Fighting
 * Level 2.7 Maces & Flails
 + Level 3.7 Armour
 * Level 3.8 Shields


You couldn't memorise any spells.
You didn't know any spells.
Your spell library was empty.

Dungeon Overview and Level Annotations

Branches:
Dungeon (1/15)

Altars:


Innate Abilities, Weirdness & Mutations

You have a pair of horns on your head.
You reflexively headbutt those who attack you in melee.


Message History

The gnoll shouts!
You hear a shout!
A hobgoblin comes into view.
You see here an amulet of the acrobat.
b - an amulet of the acrobat A bat comes into view.
The bat moves out of view.
You hit the gnoll but do no damage. The gnoll hits you with a +0 flail.
You hit the gnoll.
The gnoll is heavily wounded.
The gnoll hits you with a +0 flail. The gnoll hits you with a +0 flail!
* * * LOW HITPOINT WARNING * * *
You hit the gnoll but do no damage. You headbutt the gnoll.
The gnoll is heavily wounded.
The hobgoblin hits you.
* * * LOW HITPOINT WARNING * * *
The gnoll barely misses you.
A kobold comes into view. It is wielding a +0 club.
The kobold shouts!
The hobgoblin attacks as you move away! The hobgoblin barely misses you.
You furiously retaliate!
You headbutt the hobgoblin. You barely miss the hobgoblin.
The hobgoblin is heavily wounded.
The hobgoblin hits you but does no damage.
You hit the hobgoblin but do no damage.
The hobgoblin is heavily wounded.
You block the hobgoblin's attack.
You closely miss the hobgoblin.
The hobgoblin is heavily wounded.
The hobgoblin hits you but does no damage. x2
The kobold hits you but does no damage.
You thump the hobgoblin!
You kill the hobgoblin!
The kobold hits you with a +0 club.
* * * LOW HITPOINT WARNING * * *
The kobold attacks as you move away! You block the kobold's attack.
You barely miss the kobold. You headbutt the kobold.
The kobold is severely wounded.
A hobgoblin comes into view.
The kobold hits you with a +0 club.
You die...

#..##...#
.#.......#
....###..#
$..K.....#
##..#.#.#######
#....#...#...#
#..#..g....#.#
#......#.###.#
#.......gK@..#
##.#....######
## #.#.#....#
.. ... #....#.#
.. .. ###).##.#
.. #. #..)....#
.. #. #...#####
.. #. #..## ..
#.##†.#


You could see a gnoll, a hobgoblin (wandering) and a kobold.

Vanquished Creatures
  A ball python (D:1)
  An endoplasm (D:1)
  A hobgoblin (D:1)
  A frilled lizard (D:1)
  2 kobolds (D:1)
6 creatures vanquished.

Notes
Turn   | Place    | Note
-------+----------+-------------------------------------------
     0 | D:1      | eliilek the Minotaur Fighter began the quest for the Orb.
     0 | D:1      | Reached XP level 1. HP: 19/19 MP: 0/0
   120 | D:1      | Slain by a kobold

Illustrated notes

Levels and vault maps discovered:
D:1:      eino_arrival_water_star, layout_basic, serial_shops, shop

Action                     || total
---------------------------++-------
  Melee: Flail             ||    20
         Headbutt          ||     2
 Armour: Plate armour      ||    14
  Dodge: Dodged            ||     5
  Block: Buckler           ||     4
